 Seeded DCSS version 0.30-a0-135-g630cfc4551 (webtiles) character file.

Game seed: 31415926535 (custom seed)

10192 donath the Fighter (level 11, -14/97 HPs)
             Began as a White Draconian Wanderer on July 22, 2022.
             Was a High Priest of Jiyva.
             Demolished by a tentacled starspawn (28 damage)
             ... on level 1 of the Abyss on Sept 21, 2022.
             The game lasted 02:04:36 (10392 turns).

donath the Fighter (White Draconian Wanderer)      Turns: 10392, Time: 02:04:37

Health: -14/97     AC: 11    Str: 16    XL:     11   Next: 32%
Magic:  17/17      EV: 12    Int: 15    God:    Jiyva [*****.]
Gold:   188        SH:  5    Dex: 15    Spells: 12/18 levels left

rFire   . . .      SeeInvis .    e - +3 war axe
rCold   + . .      Faith    +    P - +0 buckler
rNeg    . . .      Spirit   .    (body armour unavailable)
rPois   .          Reflect  .    (helmet restricted)
rElec   .          Harm     .    Q - +0 cloak
rCorr   +          Rampage  .    R - +2 pair of gloves
Will    .....                    (no boots)
Stlth   ++........               i - amulet of faith
HPRegen 1.70/turn                K - ring of flight
MPRegen 0.60/turn                (no ring)

@: mighty, about to teleport, flying, hasted, invisible, very quick
A: breathe frost, AC +7, unfitting armour, cold resistance 1, cold-blooded,
fangs 1, stinger 1, agile 1, strong 1, wild magic 1, pseudopods 3, evolution 1
a: Breathe Frost, Renounce Religion, Oozemancy, Slimify


You were on level 1 of the Abyss.
You worshipped Jiyva.
Jiyva was extremely pleased with you.
You visited 2 branches of the dungeon, and saw 11 of its levels.
You visited the Abyss 1 time.
You also visited: Sewer.

You collected 188 gold pieces.

Inventory:

Hand Weapons
 a - a +2 dagger of venom
 b - a +0 sling
 e - a +3 war axe (weapon)
 j - a +0 spear of freezing
 l - a +2 quarterstaff of chaos
 x - a +3 dagger of protection
 y - a +0 whip of freezing
 F - a +4 morningstar of freezing
 N - a +2 flail of holy wrath
Missiles
 d - 91 stones (quivered)
 n - 9 silver boomerangs
 G - 12 poisoned darts
 H - 6 javelins
 I - a curare-tipped dart
 J - 2 atropa-tipped darts
Armour
 r - a +1 pair of gloves
 D - a scarf of harm
 P - a +0 buckler (worn)
 Q - a +0 cloak (worn)
 R - a +2 pair of gloves (worn)
Jewellery
 i - an amulet of faith (around neck)
 K - a ring of flight (left hand)
Wands
 v - a wand of paralysis (15)
 M - a wand of flame (14)
Scrolls
 k - 2 scrolls of teleportation
 o - 2 scrolls of magic mapping
 p - a scroll of brand weapon {unknown}
 s - 2 scrolls of enchant weapon
 t - a scroll of poison
 z - a scroll of butterflies
 C - a scroll of identify
 L - a scroll of blinking {unknown}
 S - a scroll of vulnerability {unknown}
Potions
 c - 2 potions of haste
 f - 4 potions of flight
 g - a potion of ambrosia
 q - 2 potions of brilliance
 u - a potion of might
 w - 4 potions of curing
 A - 4 potions of mutation
 B - a potion of invisibility
 E - a potion of lignification {unknown}
 O - a potion of resistance {unknown}
 T - a potion of cancellation {unknown}


   Skills:
 - Level 9.0 Fighting
 - Level 4.0 Short Blades
 - Level 6.0 Maces & Flails
 - Level 2.0 Polearms
 - Level 2.0 Throwing
 - Level 3.2 Dodging
 + Level 3.0 Stealth
 - Level 4.0 Shields
 * Level 6.5 Unarmed Combat
 - Level 4.0 Spellcasting
 - Level 5.0 Transmutations
 - Level 2.0 Fire Magic
 - Level 4.0 Poison Magic
 + Level 7.4 Invocations
 + Level 3.6 Evocations


You had 12 spell levels left.
You knew the following spells:

 Your Spells              Type           Power      Damage    Failure   Level
a - Sting                 Tmut/Pois      84%        1d7       6%          1
b - Wereblood             Tmut           23%        N/A       7%          2
c - Ignite Poison         Fire/Tmut/Pois 18%        N/A       22%         3

Your spell library contained the following spells:

 Spells                   Type           Power      Damage    Failure   Level
 Poisonous Vapours        Pois/Air       22%        N/A       22%         2
 Sublimation of Blood     Necr           3%         N/A       43%         2
 Olgreb's Toxic Radiance  Pois           19%        N/A       50%         4
 Summon Hydra             Summ           1%         N/A       100%        7


Dungeon Overview and Level Annotations

Branches:
Dungeon (10/15)            Temple (1/1) D:7            Lair (0/5) D:10
    Orc (0/2) D:10          Sewer (visited)

Altars:
Ashenzari
Cheibriados
Dithmenos
Elyvilon
Fedhas
Gozag
Hepliaklqana
Kikubaaqudgha
Makhleb
Nemelex Xobeh
Okawaru
Qazlal
Ru
Sif Muna
Trog
Uskayaw
Vehumet
Wu Jian
Xom
Yredelemnul
Zin
The Shining One

Shops:
D:8 *   D:9 ?


Innate Abilities, Weirdness & Mutations

You can breathe waves of freezing cold which knock back foes.
Your icy white scales are hard. (AC +7)
You cannot fit into any form of body armour.
Your flesh is cold resistant. (rC+)
You are cold-blooded and may be slowed by cold attacks.
You have very sharp teeth.
Your tail ends in a venomous barb.
You are agile. (Dex +4, Str/Int -1)
Your muscles are strong. (Str +4, Int/Dex -1)
Your spells are a little harder to cast, but a little more powerful.
Armour fits poorly on your massive pseudopods.
You have hidden genetic potential.


Message History

The starcursed mass shudders and withdraws towards its neighbour.
Something shouts, "Quit, thou foppish fool-born whip-jack!"
A starcursed mass splits.
You slash the starcursed mass! You bludgeon the starcursed mass.
You destroy the starcursed mass!
You hit the hellwing but do no damage.
You catch the helpless small abomination completely off-guard!
You hit the small abomination. The hellwing barely misses you.
The hellwing misses you.
The small abomination hits you but does no damage.
A deafening chorus of shrieks assaults your mind!
* * * LOW HITPOINT WARNING * * *
You closely miss the hellwing.
Your tail-slap misses the hellwing.
Your bite misses the hellwing. You bludgeon the hellwing.
The hellwing is lightly wounded.
You hit the small abomination. You hit the tentacled starspawn.
The hellwing closely misses you. You block the hellwing's attack.
Unknown command.
You hit the small abomination.
You tail-slap the small abomination, but do no damage.
The small abomination is heavily damaged.
You hit the tentacled starspawn.
You strike the helpless hellwing from behind!
You hit the hellwing but do no damage. The small abomination hits you!
* * * LOW HITPOINT WARNING * * *
You block the hellwing's attack.
The hellwing hits you but does no damage.
You feel very mighty all of a sudden.
The tentacled starspawn bites you but does no damage.
The tentacled starspawn tentacle-slaps you!
* * * LOW HITPOINT WARNING * * *
Unknown command.
You catch the helpless small abomination completely off-guard!
You slice the small abomination!!
You destroy the small abomination!
You catch the helpless hellwing completely off-guard!
You hit the hellwing but do no damage.
You barely miss the tentacled starspawn.
The tentacled starspawn bites you!!
You die...

###### .#..#
#. ## ...#
..#..#X#X#
.....3X@# ##
....#.#X4XX#
# ##.XX##.#
.....#. ... .
##§....#...##
. ..#§.#####
# .#..... #
#.§.#. ...
.#x


You could see 7 starcursed masses, a tentacled starspawn (unable to see you), a
hellwing (unable to see you) and a smoke demon (unable to see you).

Vanquished Creatures
  A centaur warrior (D:8)
  2 two-headed ogres (D:9)
  Joseph (D:7)
  An unseen horror (D:8)
  Maggie (D:7)
  2 gargoyles
  A komodo dragon (D:10)
  3 hornets
  A vampire (D:9)
  7 yaks
  A wraith (D:9)
  3 wyverns
  4 vampire mosquitoes (D:10)
  A steam dragon (D:8)
  Menkaure (D:7)
  An acid dragon (D:6)
  Edmund (D:6)
  Duvessa (D:6)
  2 water moccasins
  2 orc warriors
  4 black bears
  An ice beast (D:6)
  2 sky beasts
  2 starcursed masses (Abyss:1)
  An ogre (D:4)
  A centaur (D:7)
  Blork the orc (D:4)
  2 bullfrogs
  A kobold brigand (D:9)
  A necrophage (D:7)
  3 scorpions
  A small abomination (Abyss:1)
  9 wights (D:8)
  Dowan (D:6)
  4 killer bees
  2 jellies (Sewer)
  2 orc priests
  2 gnoll boudas
  Crazy Yiuf (D:7)
  Jessica (D:3)
  3 iguanas (D:6)
  2 orc wizards
  Robin (D:3)
  14 gnolls
  12 adders
  3 river rats (Sewer)
  2 shadow imps
  3 white imps
  5 ufetubi
  3 worms
  20 orcs
  5 bats
  16 endoplasms
  10 giant cockroaches
  33 goblins
  11 hobgoblins
  2 jackals (D:1)
  2 quokkas
  5 ball pythons
  7 frilled lizards
  24 kobolds
  11 rats
273 creatures vanquished.

Vanquished Creatures (others)
  A black bear (D:4)
  An ice beast (D:7)
  2 centaurs
  2 phantoms (D:5)
  A necrophage (D:4)
  4 killer bees (D:8)
  20 jellies
  An orc priest (D:8)
  An orc wizard (D:8)
  A gnoll (D:7)
  3 adders
  A dart slug (D:4)
  7 orcs
  A hobgoblin (D:4)
  A quokka (D:5)
  A kobold (D:4)
  3 fungi (D:7)
  8 plants
  2 starspawn tentacles (Abyss:1)
61 creatures vanquished.

Grand Total: 334 creatures vanquished

Notes
Turn   | Place    | Note
-------+----------+-------------------------------------------
     0 | D:1      | donath the Draconian Wanderer began the quest for the Orb.
     0 | D:1      | donath set off with the following items: a +2 short sword,
                  | a +0 buckler, a potion of haste; and the following spell
                  | memorised: Sting; and the following spells available to
                  | memorise: Ignite Poison.
     0 | D:1      | Reached XP level 1. HP: 14/14 MP: 2/2
   250 | D:1      | Reached skill level 1 in Fighting
   426 | D:1      | Reached skill level 1 in Poison Magic
   426 | D:1      | Reached XP level 2. HP: 23/23 MP: 1/3
   631 | D:1      | Found a faded altar of an unknown god.
   739 | D:1      | Reached XP level 3. HP: 18/29 MP: 0/4
   988 | D:1      | Reached skill level 2 in Fighting
  2045 | D:2      | Reached XP level 4. HP: 37/37 MP: 3/5
  2046 | D:2      | Reached skill level 1 in Polearms
  2449 | D:3      | Noticed Jessica
  2467 | D:3      | Noticed Robin
  3074 | D:3      | Reached skill level 3 in Fighting
  3117 | D:3      | Killed Robin
  3265 | D:3      | Reached XP level 5. HP: 45/45 MP: 4/6
  3436 | D:3      | Killed Jessica
  3437 | D:3      | Reached skill level 1 in Dodging
  3620 | D:1      | Prayed at the altar of an unknown god.
  3620 | D:1      | Became a worshipper of Sif Muna the Loreminder
  3620 | D:1      | Reached * piety under Sif Muna
  3683 | D:4      | Reached skill level 1 in Stealth
  3697 | D:4      | Noticed a black bear
  3766 | D:4      | Noticed a sky beast
  3786 | D:4      | Noticed an ogre
  3838 | D:4      | Killed an ogre
  3839 | D:4      | Reached skill level 4 in Fighting
  3839 | D:4      | Reached XP level 6. HP: 42/52 MP: 1/7
  3865 | D:4      | Found a glowing drain.
  3962 | D:4      | Killed a sky beast
  4011 | Sewer    | Entered a sewer
  4084 | Sewer    | Learned a level 2 spell: Wereblood
  4154 | Sewer    | Reached ** piety under Sif Muna
  4383 | Sewer    | Your scales start taking on an icy white colour.
  4383 | Sewer    | Reached XP level 7. HP: 48/60 MP: 5/10
  4383 | Sewer    | Gained mutation: Your flesh is cold resistant. (rC+) [White
                  | Draconian growth]
  4411 | Sewer    | Found a viscous altar of Jiyva.
  4477 | Sewer    | Fell from the grace of Sif Muna
  4477 | Sewer    | Became a worshipper of Jiyva Juaw the Shapeless
  4723 | D:4      | Noticed Blork the orc
  4733 | D:4      | Killed Blork the orc
  4734 | D:4      | Reached skill level 5 in Fighting
  4796 | D:4      | Found a glowing silver altar of Zin.
  4802 | D:4      | Found a bloodstained altar of Trog.
  4802 | D:4      | Found an ornate altar of the Wu Jian Council.
  4803 | D:4      | Found a shimmering blue altar of Sif Muna.
  4807 | D:4      | Found a radiant altar of Vehumet.
  4877 | D:4      | Reached * piety under Jiyva
  5142 | D:5      | Entered Level 5 of the Dungeon
  5499 | D:5      | Reached ** piety under Jiyva
  6211 | D:5      | Reached skill level 6 in Fighting
  6271 | D:6      | Reached *** piety under Jiyva
  6338 | D:5      | Reached XP level 8. HP: 68/70 MP: 10/12
  6453 | D:6      | Found a broken altar of Ashenzari.
  6465 | D:6      | Noticed Duvessa
  6466 | D:6      | Noticed Dowan
  6467 | D:6      | Gained mutation: You have very sharp teeth. [Jiyva's grace]
  6467 | D:6      | Gained mutation: You have extremely sharp teeth. [Jiyva's
                  | grace]
  6467 | D:6      | Gained mutation: You have razor-sharp teeth. [Jiyva's
                  | grace]
  6467 | D:6      | Gained mutation: Your tail ends in a venomous barb.
                  | [Jiyva's grace]
  6483 | D:6      | Killed Duvessa
  6495 | D:6      | Killed Dowan
  6621 | D:6      | Noticed Edmund
  6649 | D:6      | Killed Edmund
  6650 | D:6      | Reached skill level 1 in Invocations
  6670 | D:6      | Reached skill level 7 in Fighting
  6952 | D:7      | Reached **** piety under Jiyva
  7041 | D:7      | Noticed Maggie
  7070 | D:7      | Killed Maggie
  7071 | D:7      | Reached XP level 9. HP: 49/81 MP: 13/15
  7134 | D:7      | Found a runed translucent door.
  7135 | D:7      | Noticed Crazy Yiuf
  7144 | D:7      | Killed Crazy Yiuf
  7217 | D:7      | Found a staircase to the Ecumenical Temple.
  7233 | D:7      | Reached skill level 8 in Fighting
  7251 | D:7      | Noticed Joseph
  7255 | Temple   | Entered the Ecumenical Temple
  7259 | Temple   | Reached skill level 1 in Unarmed Combat
  7434 | Temple   | Lost mutation: You have razor-sharp teeth. [potion of
                  | mutation]
  7434 | Temple   | Lost mutation: Your tail ends in a venomous barb. [potion
                  | of mutation]
  7434 | Temple   | Gained mutation: You have an increased reservoir of magic.
                  | (+10% MP) [potion of mutation]
  7434 | Temple   | Gained mutation: Your tail ends in a venomous barb. [potion
                  | of mutation]
  7434 | Temple   | Gained mutation: Your system is resistant to poisons.
                  | (rPois) [potion of mutation]
  7434 | Temple   | Gained mutation: Your spells are a little harder to cast,
                  | but a little more powerful. [potion of mutation]
  7478 | D:7      | Killed Joseph
  7479 | D:7      | Upgraded the game from 0.29-a0-887-gcbe080d7e0 to
                  | 0.30-a0-135-g630cfc4551
  7597 | D:7      | Noticed Menkaure
  7618 | D:7      | Killed Menkaure
  7619 | D:7      | Reached skill level 1 in Throwing
  8130 | D:8      | Noticed a centaur warrior
  8141 | D:8      | Killed a centaur warrior
  8142 | D:8      | Reached skill level 5 in Invocations
  8142 | D:8      | Reached XP level 10. HP: 82/88 MP: 17/17
  8286 | D:8      | Found an iron altar of Okawaru.
  8372 | D:8      | Noticed a gargoyle
  8381 | D:8      | Killed a gargoyle
  8491 | D:8      | Gained mutation: Your muscles are strong. (Str +4, Int/Dex
                  | -1) [Jiyva's grace]
  8491 | D:8      | Gained mutation: Your muscles are very strong. (Str +8,
                  | Int/Dex -2) [Jiyva's grace]
  8491 | D:8      | Gained mutation: You are agile. (Dex +4, Str/Int -1)
                  | [Jiyva's grace]
  8491 | D:8      | Gained mutation: You are very agile. (Dex +8, Str/Int -2)
                  | [Jiyva's grace]
  8618 | D:8      | Reached skill level 5 in Unarmed Combat
  8999 | D:8      | Was forgiven by Sif Muna
  9041 | D:8      | Found Moeh Wif's General Store.
  9203 | D:9      | Reached skill level 1 in Maces & Flails
  9244 | D:9      | Reached skill level 9 in Fighting
  9248 | D:9      | Learned a level 3 spell: Ignite Poison
  9269 | D:9      | Noticed a two-headed ogre
  9276 | D:9      | Killed a two-headed ogre
  9277 | D:9      | Reached skill level 1 in Fire Magic
  9338 | D:9      | Found Quohey Qusi's Magic Scroll Shoppe.
  9372 | D:9      | Found a hazy altar of Hepliaklqana.
  9415 | D:9      | Noticed a two-headed ogre
  9431 | D:9      | Killed a two-headed ogre
  9432 | D:9      | Reached skill level 5 in Transmutations
  9590 | D:9      | Reached XP level 11. HP: 41/97 MP: 18/18
  9748 | D:9      | Lost mutation: You have extremely sharp teeth. [Jiyva's
                  | grace]
  9748 | D:9      | Lost mutation: You are very agile. (Dex +8, Str/Int -2)
                  | [Jiyva's grace]
  9748 | D:9      | Lost mutation: You have an increased reservoir of magic.
                  | (+10% MP) [Jiyva's grace]
  9748 | D:9      | Lost mutation: Your system is resistant to poisons. (rPois)
                  | [Jiyva's grace]
  9748 | D:9      | Lost mutation: Your muscles are very strong. (Str +8,
                  | Int/Dex -2) [Jiyva's grace]
  9748 | D:9      | Gained mutation: Armour fits poorly on your pseudopods.
                  | [Jiyva's grace]
  9748 | D:9      | Gained mutation: Armour fits poorly on your large
                  | pseudopods. [Jiyva's grace]
  9748 | D:9      | Gained mutation: Armour fits poorly on your massive
                  | pseudopods. [Jiyva's grace]
  9748 | D:9      | Gained mutation: You have hidden genetic potential.
                  | [Jiyva's grace]
 10041 | D:10     | Entered Level 10 of the Dungeon
 10049 | D:10     | Found a burning altar of Makhleb.
 10051 | D:10     | Noticed a cacodemon
 10066 | D:10     | Found a staircase to the Orcish Mines.
 10077 | D:10     | Reached ***** piety under Jiyva
 10110 | D:10     | Found a staircase to the Lair.
 10122 | D:10     | Reached skill level 5 in Maces & Flails
 10281 | Abyss:1  | Cast into level 1 of the Abyss (orc)
 10356 | Abyss:1  | Noticed a starcursed mass
 10376 | Abyss:1  | Noticed a tentacled starspawn
 10392 | Abyss:1  | Demolished by a tentacled starspawn

Illustrated notes

Levels and vault maps discovered:
D:1:      dpeg_arrival_windows_large_door, layout_loops_cross,
          hellmonk_ecumenical_altar_dog_temple
D:2:      cheibrodos_greedy_goblins, layout_loops_ring, minmay_pentomino_x2
D:3:      layout_basic, hex_tiny, uniq_robin, uniq_jessica
D:4:      layout_loops_cross, minitemple, gup_sewer_entry_bubbles,
          uniq_blork_the_orc
D:5:      corexii_shantytown, layout_gridville, nicolae_underground_beach
D:6:      layout_cave_pools, lemuel_tele_altar, serial_demonic,
          serial_demonic_e, serial_demonic_f, serial_demonic_a,
          serial_demonic_b, uniq_edmund, uniq_duvessa
D:7:      layout_loops_ring, minmay_temple_entry_waves, dk_noncrumbling_2,
          minivault_25, uniq_menkaure, uniq_maggie, uniq_crazy_yiuf_cottage,
          uniq_joseph
D:8:      layout_loops_corners, okawaru_gym_becter, serial_shops,
          kennysheep_little_box, minmay_chambers_of_fives
D:9:      layout_layer_cave, nicolae_hepliaklqana_hazy_memory, serial_shops,
          nicolae_stop_n_shop_1, minivault_1
D:10:     layout_long_grid, makhleb_altar_promises_db, david_lair_generic,
          minmay_orc_entry_temple_small
Temple:   nicolae_temple_bog_church
Abyss:1:  base:
D:5

Skill      XL: |  1  2  3  4  5  6  7  8  9 10 11 |
---------------+----------------------------------+-----
Fighting       | 1 2 3 4 6 7 8 9 |  9.0
Poison Magic   | 1 2 3 4 |  4.0
Polearms       | 2 |  2.0
Dodging        | 1 3 |  3.2
Stealth        | 1 2 3 |  3.0
Transmutations | 4 5 |  5.0
Spellcasting   | 2 4 |  4.0
Shields        | 3 4 |  4.0
Invocations    | 3 5 7 |  7.4
Unarmed Combat | 3 5 6 |  6.5
Evocations     | 3 |  3.6
Throwing       | 1 2 |  2.0
Maces & Flails | 4 6 |  6.0
Fire Magic     | 1 2 |  2.0
Short Blades   | |  4.0

Action                   |  1- 3 |  4- 6 |  7- 9 | 10-12 || total
-------------------------+-------+-------+-------+-------++-------
Melee: Short sword       |    29 |       |       |       ||    29
       Tailslap          |     5 |    20 |    61 |    41 ||   127
       Spear             |    33 |    47 |       |       ||    80
       Dagger            |       |   110 |   371 |    44 ||   525
       Bite              |       |       |    25 |    27 ||    52
       Flail             |       |       |     3 |    61 ||    64
       Morningstar       |       |       |       |    80 ||    80
       War axe           |       |       |       |    11 ||    11
       Pseudopods        |       |       |       |    10 ||    10
Throw: Stone             |       |     7 |     5 |     8 ||    20
       Boomerang         |       |       |     2 |     4 ||     6
       Dart              |       |       |     1 |     6 ||     7
 Cast: Sting             |    48 |    62 |    32 |    11 ||   153
       Wereblood         |       |     6 |     7 |     7 ||    20
Invok: Oozemancy         |       |       |     4 |     5 ||     9
 Abil: Breathe Frost     |       |       |     1 |    10 ||    11
Evoke: Wand              |       |       |       |     5 ||     5
  Use: Potion            |       |     1 |     4 |     5 ||    10
       Scroll            |       |       |     7 |     5 ||    12
 Stab: Sleeping          |     1 |     3 |     4 |     1 ||     9
       Distracted        |       |     1 |       |       ||     1
       Invisible         |       |       |       |     4 ||     4
Armor: Skin              |    22 |    55 |   131 |   106 ||   314
Dodge: Dodged            |    37 |    59 |   200 |   133 ||   429
Block: Buckler           |    11 |    27 |   101 |    54 ||   193

Table legend: (Time is in decaauts)
 A = Elapsed time spent in this place.
 B = Non-inter-level travel time spent in this place.
 C = Inter-level travel time spent in this place.
 D = Time resting spent in this place.
 E = Time spent auto-exploring this place.
 F = Levels seen in this place.
 G = Mean time per level.
                   A        B        C        D        E       F      G
               +--------+--------+--------+--------+--------+-----+--------+
         Total |  10482 |  10263 |    219 |    417 |   3161 |  13 |  806.3 |
       Dungeon |   9653 |   9434 |    219 |    335 |   3024 |  10 |  965.3 |
        Temple |    207 |    207 |      0 |      5 |    137 |   1 |  207.0 |
         Abyss |    112 |    112 |      0 |      0 |      0 |   1 |  112.0 |
         Sewer |    509 |    509 |      0 |     77 |      0 |   1 |  509.0 |
               +--------+--------+--------+--------+--------+-----+--------+

Top non-repeatable levels by time:
     D:1: 1489 daAuts
     D:2: 1228 daAuts
     D:5: 1116 daAuts
     D:4: 1047 daAuts
     D:8: 998 daAuts
     D:7: 992 daAuts
     D:9: 983 daAuts
     D:3: 973 daAuts
     D:6: 578 daAuts
   Sewer: 509 daAuts
    D:10: 245 daAuts
  Temple: 207 daAuts
 Abyss:1: 112 daAuts
